 Dungeon Crawl Stone Soup version 0.23.0 (webtiles) character file.

Game seed: 1416530151752462872

31 retsamyar the Grave Robber (level 3, -3/24 HPs)
             Began as a Demonspawn Necromancer on Feb 15, 2019.
             Slain by a gnoll
             ... wielding a +0 spear
              (5 damage)
             ... on level 2 of the Dungeon.
             The game lasted 00:14:35 (1755 turns).

retsamyar the Grave Robber (Demonspawn Necromancer) Turns: 1755, Time: 00:14:35

Health: -3/24      AC:  3    Str:  9    XL:     3   Next: 7%
Magic:  6/6        EV: 14    Int: 16    God:
Gold:   40         SH:  0    Dex: 13    Spells: 4/6 levels left

rFire    . . .     SeeInvis .   a - +0 hand axe
rCold    . . .     Gourm    .   (no shield)
rNeg     . . .     Faith    .   f - +0 leather armour
rPois    .         Spirit   .   (no helmet)
rElec    .         Reflect  .   (no cloak)
rCorr    .         Harm     .   (no gloves)
MR       .....                  (no boots)
Stlth    ++........             (no amulet)
HPRegen  0.08/turn              (no ring)
MPRegen  0.10/turn              (no ring)

@: about to teleport, starving
A: claws 1, repulsion field 1
a: no special abilities


You were on level 2 of the Dungeon.
You were starving.

You visited 1 branch of the dungeon, and saw 2 of its levels.

You collected 40 gold pieces.

Inventory:

Hand Weapons
 a - a +0 hand axe (weapon)
Missiles
 g - 31 bolts
 m - 16 poisoned needles
Armour
 b - a +0 robe
 f - a +0 leather armour (worn)
 k - a +0 chain mail
Scrolls
 j - a scroll of magic mapping {unknown}
 l - a scroll of enchant weapon
Potions
 e - a potion of invisibility
 h - a potion of curing {unknown}
 n - a potion of lignification {unknown}
Comestibles
 c - 2 rations


   Skills:
 + Level 0.2 Fighting
   Level 0.2 Maces & Flails
 + Level 0.3 Armour
 + Level 1.8 Dodging
 + Level 1.8 Stealth
 + Level 2.1 Spellcasting
 * Level 5.1 Necromancy


You had 4 spell levels left.
You knew the following spells:

 Your Spells              Type           Power        Failure   Level  Hunger
a - Pain                  Necr           ###.         3%          1    #......
b - Animate Skeleton      Necr           N/A          3%          1    #......

Your spell library contained the following spells:

 Spells                   Type           Power        Failure   Level  Hunger
 Vampiric Draining        Necr           ###.......   10%         3    ###....
 Regeneration             Chrm/Necr      #.........   28%         3    ###....
 Animate Dead             Necr           N/A          32%         4    #####..


Dungeon Overview and Level Annotations

Branches:
Dungeon (2/15)

Altars:


Innate Abilities, Weirdness & Mutations

You have sharp fingernails.
You are surrounded by a mild repulsion field. (EV +2)


Message History

You are starving!
You hit the gnoll but do no damage.
The gnoll is heavily wounded.
The gnoll misses you.
You don't have the energy to cast that spell.
You don't have the energy to cast that spell.
You hit the gnoll.
The gnoll is severely wounded.
A frilled lizard comes into view.
The gnoll hits you with a +0 spear.
The frilled lizard hisses angrily.
You hit the gnoll but do no damage.
The gnoll is severely wounded.
The gnoll hits you but does no damage. The gnoll hits you with a +0 spear!
* * * LOW HITPOINT WARNING * * *
As you read the scroll of teleportation, it crumbles to dust.
You feel strangely unstable. The gnoll closely misses you.
Unknown command.
The gnoll hits you from afar with a +0 spear.
You die...

##.## ...# #..#
#..## #...# ##..#
#..#
###########..#
#.ggg.@.l....##.#
.#
#.##########.##.#
.# #.##.# .#
#.##.# .# #.##.#
.# #.##.# .#
#.##.##.#
#.......#
####.#####


You could see 3 gnolls and a frilled lizard.

Vanquished Creatures
  An adder (D:2)
  2 dart slugs
  A ball python (D:1)
  2 bats
  A giant cockroach (D:1)
  A goblin (D:1)
  5 hobgoblins
  A rat (D:2)
14 creatures vanquished.

Vanquished Creatures (collateral kills)
  2 hobgoblins (D:1)
  A bat (D:1)
3 creatures vanquished.

Grand Total: 17 creatures vanquished

Notes
Turn   | Place    | Note
-------+----------+-------------------------------------------
     0 | D:1      | retsamyar the Demonspawn Necromancer began the quest for
                  | the Orb.
     0 | D:1      | Reached XP level 1. HP: 13/13 MP: 3/3
     7 | D:1      | Learned a level 1 spell: Animate Skeleton
   161 | D:1      | Gained mutation: You are surrounded by a mild repulsion
                  | field. (EV +2) [demonic ancestry]
   161 | D:1      | Reached XP level 2. HP: 5/19 MP: 3/5
   857 | D:1      | Reached skill level 5 in Necromancy
  1567 | D:2      | Gained mutation: You have sharp fingernails. [demonic
                  | ancestry]
  1567 | D:2      | Reached XP level 3. HP: 14/24 MP: 3/6
  1755 | D:2      | Slain by a gnoll

Skill      XL: |  1  2 |
---------------+-------+-----
Necromancy     | 5 |  5.1
Fighting       | |  0.2
Maces & Flails | |  0.2
Armour         | |  0.3
Dodging        | |  1.8
Stealth        | |  1.8
Spellcasting   | |  2.1

Action                   || total
-------------------------++-------
Melee: Club              ||    41
       Unarmed           ||     3
       Hand axe          ||    31
 Cast: Pain              ||    17
       Animate Skeleton  ||     7
  Use: Scroll            ||     5
 Stab: Distracted        ||     1
       Sleeping          ||     1
  Eat: Chunk             ||     1
Armor: Robe              ||     9
       Leather armour    ||     8
Dodge: Dodged            ||    59
